[Event "ICC Open 2015"]
[Site "Internet Chess Club"]
[Date "2015.05.30"]
[Round "3"]
[White "EREBUNI"]
[Black "Parsifal"]
[Result "1-0"]
[ICCResult "Black forfeits on time"]
[WhiteElo "3025"]
[BlackElo "2430"]
[Opening "Sicilian: closed"]
[ECO "B23"]
[NIC "SI.44"]
[Time "19:21:50"]
[TimeControl "180+0"]

1. e4 c5 2. Nc3 e6 3. Nf3 Nc6 4. Bb5 Nd4 5. Bc4 a6 6. Nxd4 cxd4 7. Ne2 Qc7
8. Bb3 Bc5 9. d3 Nf6 10. O-O O-O 11. Ng3 b5 12. f4 d6 13. f5 Re8 14. Bg5 Nd7
15. fxe6 fxe6 16. Nh5 Ne5 17. Bf6 Re7 18. Bxe5 dxe5 19. Qg4 Bd7 20. Rf3 Kh8
21. Raf1 Qd8 22. Rf7 Qg8 23. Qxg7+ Qxg7 24. Nxg7 Rg8 25. Rxe7 Bxe7 26. Bxe6
Rxg7 27. Bxd7 Bg5 28. Rf8+ Rg8 29. Rf5 Be3+ 30. Kf1 Rg7 31. Be6 Rc7 32. Bb3
a5 33. a4 bxa4 34. Bxa4 Rb7 35. Rxe5 Rxb2 36. Rxa5 Rb1+ 37. Ke2 Rh1 38. h3
Rg1 39. Kf3 Rf1+ 40. Kg3 Bf2+ 41. Kg4 Kg7 42. Rf5 Kg6 43. Be8+ Kg7 44. Bc6
Kg6 45. e5 h5+ 46. Rxh5 Be3 47. Be4+ Kg7 48. Rh7+ Kf8 49. e6
{Black forfeits on time}
1-0

[Event "ICC Open 2015"]
[Site "Internet Chess Club"]
[Date "2015.05.30"]
[Round "3"]
[White "Werewolf"]
[Black "smoothg"]
[Result "1-0"]
[ICCResult "Black forfeits on time"]
[WhiteElo "2216"]
[BlackElo "1887"]
[Opening "Sicilian: accelerated fianchetto, modern variation with Bc4"]
[ECO "B35"]
[NIC "KF.05"]
[Time "19:21:01"]
[TimeControl "180+0"]

1. e4 g6 2. d4 Bg7 3. Nc3 c5 4. Nf3 cxd4 5. Nxd4 Nc6 6. Be3 Nf6 7. Bc4 Qa5
8. O-O O-O 9. Nb3 Qc7 10. Bd3 d6 11. h3 Be6 12. f4 Qc8 13. f5 Bd7 14. fxg6
hxg6 15. Nd5 Nxd5 16. exd5 Ne5 17. Bd4 a5 18. Be4 a4 19. Nd2 b5 20. Rc1 Nc4
21. Bxg7 Kxg7 22. Nf3 Qc5+ 23. Rf2 Ne3 24. Qd4+ Qxd4 25. Nxd4 Rac8 26. Re1
Nc4 27. b3 axb3 28. axb3 Ne5 29. Ref1 Rc3 30. Nf3 f5 31. Nxe5 dxe5 32. Bd3
e4 33. Be2 Rxc2 34. Bd1 Rc3 35. Rd2 Rd8 36. Rd4 Kf6 37. Rxe4 Rd3 38. Re2
Rxd5 39. Rfe1 e5 40. Bc2 Be6 41. b4 e4 42. Bb3 Rd4 43. Bxe6 Kxe6 44. Rb2 Ke5
45. Ra1 Rc8 46. Ra5 Rcc4 47. Rxb5+ Kf4 48. Kh2 Rd3 49. g3+ Kf3 50. Rc5 Rxc5
51. bxc5 Rc3 52. g4 g5 53. gxf5 Kf4 54. Rf2+ Ke5 55. f6 Rxc5 56. f7 Rc8 57.
f8=Q Rxf8 58. Rxf8 e3 59. Kg2 Ke4 60. Re8+ Kf4 61. Re6 {Black forfeits on
time} 1-0

[Event "ICC Open 2015"]
[Site "Internet Chess Club"]
[Date "2015.05.30"]
[Round "3"]
[White "Willy809"]
[Black "Tyrel"]
[Result "0-1"]
[ICCResult "White checkmated"]
[WhiteElo "1707"]
[BlackElo "2124"]
[Opening "Old Indian defense"]
[ECO "A53"]
[NIC "OI.04"]
[Time "19:21:59"]
[TimeControl "180+0"]

1. d4 d6 2. c4 Nf6 3. Nc3 Nbd7 4. e4 e5 5. Be3 Be7 6. d5 O-O 7. f3 Ne8 8.
Bf2 g6 9. h4 Ng7 10. g4 f5 11. gxf5 gxf5 12. h5 Kh8 13. h6 Ne8 14. exf5 Rxf5
15. Bd3 Rf8 16. f4 Rxf4 17. Qh5 Nf8 18. Be3 Bh4+ 19. Kd2 Nf6 20. Qf7 Ne4+
21. Nxe4 Rxf7 22. Ne2 Ng6 23. Rag1 Bf5 24. N2c3 Qe7 25. Ng5 Bxg5 26. Bxg5
Qf8 27. Rf1 Bxd3 28. Rxf7 Qxf7 29. Kxd3 Qf5+ 30. Ne4 Qf3+ 31. Be3 Qxh1 32.
Ng5 Nf4+ 33. Bxf4 exf4 34. Nf7+ Kg8 35. Ng5 Re8 36. Ne6 Qf3+ 37. Kd2 Rxe6
38. dxe6 Qe3+ 39. Kc2 f3 40. a3 f2 41. Kb1 f1=Q+ 42. Ka2 Qxc4+ 43. Kb1 Qec1#
{White checkmated}
0-1

[Event "ICC Open 2015"]
[Site "Internet Chess Club"]
[Date "2015.05.30"]
[Round "3"]
[White "Darnoc"]
[Black "saya"]
[Result "0-1"]
[ICCResult "White checkmated"]
[WhiteElo "3008"]
[BlackElo "2549"]
[Opening "QGD: exchange, positional line, 5...c6"]
[ECO "D35"]
[NIC "QO.16"]
[Time "19:21:41"]
[TimeControl "180+0"]

1. d4 Nf6 2. c4 e6 3. Nc3 d5 4. cxd5 exd5 5. Bg5 c6 6. e3 Be7 7. Bd3 Nbd7 8.
Nge2 Nh5 9. Bxe7 Qxe7 10. g4 Nhf6 11. Ng3 Nb6 12. g5 Ng8 13. h4 Be6 14. Qf3
h6 15. Nh5 O-O-O 16. Nxg7 hxg5 17. Nf5 Qf6 18. hxg5 Rxh1+ 19. Qxh1 Qxg5 20.
Qh4 Qg1+ 21. Bf1 Bxf5 22. O-O-O Qg4 23. Qh2 Nf6 24. Be2 Qh3 25. Qe5 Nfd7 26.
Qf4 Be6 27. Rg1 Qh8 28. Qd6 Nf6 29. Qe7 Nbd7 30. Qa3 Kb8 31. Qa4 Nb6 32. Qd1
Rg8 33. Rh1 Qg7 34. Bf3 Qf8 35. Qd3 Nbd7 36. Qf1 Rh8 37. Rg1 Rh2 38. Rg3 Qh6
39. Qg1 Rh3 40. Ne2 Rxg3 41. Qxg3+ Kc8 42. Nf4 Qh7 43. Qg5 Qg8 44. Qh4 Qg1+
45. Bd1 Bg4 46. b3 Qxd1+ 47. Kb2 Qd2+ 48. Ka3 Qc1+ 49. Kb4 Qd2+ 50. Ka3 a5
51. Qh8+ Kc7 52. Qh2 Kb6 53. Qg1 Ka6 54. Qf1+ b5 55. Qd3 Qc1# {White
checkmated} 0-1

[Event "ICC Open 2015"]
[Site "Internet Chess Club"]
[Date "2015.05.30"]
[Round "3"]
[White "LastKeks"]
[Black "kingmate"]
[Result "1-0"]
[ICCResult "Black checkmated"]
[WhiteElo "3119"]
[BlackElo "2560"]
[Opening "French: Albin-Alekhine-Châtard attack"]
[ECO "C13"]
[NIC "FR.06"]
[Time "19:20:57"]
[TimeControl "180+0"]

1. e4 e6 2. d4 d5 3. Nc3 Nf6 4. Bg5 Be7 5. e5 Nfd7 6. h4 h6 7. Bxe7 Qxe7 8.
Qg4 O-O 9. f4 c5 10. Nf3 Nc6 11. O-O-O f6 12. exf6 Nxf6 13. Qg6 Bd7 14. dxc5
Qxc5 15. Kb1 Rac8 16. Bd3 Be8 17. Qg3 Nh5 18. Qg4 Nxf4 19. h5 Bd7 20. Qg3
Nxd3 21. Rxd3 Rf6 22. Re1 Rcf8 23. a3 Be8 24. Qg4 Qc4 25. Qh3 Qf4 26. Rxe6
Rxe6 27. Qxe6+ Bf7 28. Qd7 Ne5 29. Nxe5 Qxe5 30. Nxd5 Qxh5 31. b3 Qh1+ 32.
Kb2 Qxg2 33. Qxb7 Qh2 34. Ne7+ Kh7 35. Re3 Qf4 36. Rc3 Qf6 37. Nc6 Bd5 38.
Qb5 Be4 39. Ne5 Rd8 40. Rc5 Bg2 41. Qe2 Ba8 42. a4 Rd6 43. Ka2 Re6 44. Qd3+
g6 45. Rc7+ Re7 46. Rxe7+ Qxe7 47. Qxg6+ Kh8 48. Nf7+ Qxf7 49. Qxf7 Be4 50.
Qe8+ Kh7 51. Qxe4+ Kg7 52. Qb7+ Kg6 53. Qxa7 h5 54. Qb6+ Kg5 55. a5 h4 56.
a6 h3 57. a7 h2 58. a8=Q h1=Q 59. Qxh1 Kf4 60. Qd5 Kg3 61. Qbd4 Kh2 62. Q5e4
Kg3 63. Qdd3+ Kf2 64. Qee2+ Kg1 65. Qdd1# {Black checkmated} 1-0

[Event "ICC Open 2015"]
[Site "Internet Chess Club"]
[Date "2015.05.30"]
[Round "3"]
[White "LordProtector"]
[Black "QuintilianoR"]
[Result "0-1"]
[ICCResult "White resigns"]
[WhiteElo "3036"]
[BlackElo "2573"]
[Opening "Sicilian: dragon, Yugoslav attack, 10.O-O-O"]
[ECO "B78"]
[NIC "SI.18"]
[Time "19:21:45"]
[TimeControl "180+0"]

1. e4 c5 2. Nf3 d6 3. d4 cxd4 4. Nxd4 Nf6 5. Nc3 g6 6. Be3 Bg7 7. f3 O-O 8.
Qd2 Nc6 9. Bc4 Bd7 10. O-O-O Rc8 11. Bb3 Ne5 12. Kb1 Re8 13. h4 h5 14. g4
hxg4 15. h5 Nxh5 16. Rdg1 Qa5 17. Bh6 Bf6 18. f4 Nc4 19. Qd3 Qc5 20. Nde2
Nxb2 21. Kxb2 Bb5 22. Qd5 Qxd5 23. Bxd5 Bxe2 24. e5 dxe5 25. Nxe2 exf4+ 26.
Kb1 f3 27. Ng3 Nxg3 28. Rxg3 Rc5 29. Bb3 Rh5 30. Rxh5 gxh5 31. Be3 Rd8 32.
Rg1 Kh7 33. Rh1 Kg6 34. c4 Bg5 35. Bc2+ f5 36. Bxa7 g3 37. Bb6 g2
{White resigns}
0-1

[Event "ICC Open 2015"]
[Site "Internet Chess Club"]
[Date "2015.05.30"]
[Round "3"]
[White "PajoPatak"]
[Black "arv"]
[Result "1-0"]
[ICCResult "Black forfeits on time"]
[WhiteElo "1610"]
[BlackElo "1389"]
[Opening "Owen defense"]
[ECO "B00"]
[NIC "VO.01"]
[Time "19:21:35"]
[TimeControl "180+0"]

1. e4 b6 2. d4 Bb7 3. Nc3 e6 4. a3 Nf6 5. Bd3 Be7 6. Nf3 O-O 7. O-O d5 8. e5
Nfd7 9. h4 c5 10. h5 cxd4 11. Nb5 Nc6 12. Bf4 a6 13. Nbxd4 Nxd4 14. Nxd4 Bg5
15. Qg4 h6 16. Nf3 Bxf4 17. Qxf4 Nc5 18. Be2 Ne4 19. Rac1 Rc8 20. Nd4 Rc7
21. f3 Nc5 22. g4 Qg5 23. Qxg5 hxg5 24. Kg2 Rfc8 25. Rh1 Nd7 26. h6 g6 27.
h7+ Kh8 28. f4 gxf4 29. c3 Nxe5 30. Rce1 f3+ 31. Bxf3 Nxf3 32. Nxf3 a5 33.
Kg3 Rc4 34. Ne5 R8c7 35. Nxc4 Rxc4 36. Ref1 f5 37. gxf5 gxf5 38. Re1 Rg4+
39. Kf2 d4 40. Rhg1 Rf4+ 41. Ke2 Re4+ 42. Kd2 Rxe1 43. Rxe1 Kxh7 44. cxd4
{Black forfeits on time}
1-0

[Event "ICC Open 2015"]
[Site "Internet Chess Club"]
[Date "2015.05.30"]
[Round "3"]
[White "Muad-dib"]
[Black "Qualm"]
[Result "0-1"]
[ICCResult "White forfeits on time"]
[WhiteElo "1978"]
[BlackElo "1720"]
[Opening "Bird's opening"]
[ECO "A03"]
[NIC "VO.07"]
[Time "19:21:17"]
[TimeControl "180+0"]

1. f4 d5 2. Nf3 c6 3. e3 Nf6 4. d3 g6 5. Bd2 Bg7 6. Be2 O-O 7. Nc3 Nbd7 8.
O-O Qc7 9. h3 e5 10. fxe5 Nxe5 11. d4 Nc4 12. Bc1 Re8 13. Bxc4 dxc4 14. Qe2
b5 15. a3 a6 16. e4 Qg3 17. Bg5 Bf5 18. Bh4 Qc7 19. e5 Nd5 20. Rae1 Nxc3 21.
bxc3 Be6 22. Ng5 Bd5 23. Ne4 Bxe4 24. Qxe4 f5 25. Qe3 c5 26. Bg5 b4 27. axb4
cxb4 28. cxb4 c3 29. Bf4 Qc4 30. Rd1 Qxb4 31. d5 g5 32. Bxg5 Rxe5 33. Qg3
Qc5+ 34. Kh1 Rxd5 35. Bf6 Ra7 36. Rde1 Qf8 37. Re6 Rad7 38. Rfe1 Rd1 39. Re8
Qxe8 40. Kh2 Qxe1 41. Qxg7+ Rxg7 42. Bxg7 Qh1+ 43. Kg3 Qe1+ 44. Kf4 Kxg7 45.
Kxf5 Qe7 46. g4 Rd5+ 47. Kf4 Qe5+ 48. Kf3 Rd4 49. h4 Qe4+ 50. Kf2 Rd2+ 51.
Kf1 Qe2+ {White forfeits on time} 0-1

[Event "ICC Open 2015"]
[Site "Internet Chess Club"]
[Date "2015.05.30"]
[Round "3"]
[White "kurka56"]
[Black "Ricardov"]
[Result "0-1"]
[ICCResult "White checkmated"]
[WhiteElo "1802"]
[BlackElo "2331"]
[Opening "Queen's pawn game"]
[ECO "A32"]
[NIC "QP.07"]
[Time "19:21:20"]
[TimeControl "180+0"]

1. d4 Nf6 2. c4 e6 3. Nc3 c5 4. Nf3 cxd4 5. Nxd4 d5 6. cxd5 Nxd5 7. g3 Nc6
8. Bg2 Nxc3 9. bxc3 Nxd4 10. cxd4 Bb4+ 11. Bd2 Bxd2+ 12. Qxd2 O-O 13. O-O
Rb8 14. e3 b6 15. Rac1 Ba6 16. Rfe1 Rc8 17. Bf1 Bxf1 18. Rxf1 Qd5 19. a4 h5
20. h4 Qf3 21. Qd3 Qd5 22. Qb5 Kh7 23. Qxd5 exd5 24. Rfd1 Kg6 25. Kg2 Kf5
26. Kf3 f6 27. Ke2 g5 28. hxg5 fxg5 29. Kd3 Kg4 30. Ke2 Rxc1 31. Rxc1 Rf7
32. Rc6 h4 33. gxh4 gxh4 34. Rg6+ Kh5 35. Rg8 Rh7 36. f4 h3 37. Rg1 h2 38.
Rh1 Kg4 39. Kf2 Kh3 40. Kf3 Rg7 41. f5 Rg1 42. Rxh2+ Kxh2 43. Kf4 Rg8 44.
Ke5 Rd8 45. e4 dxe4 46. Kxe4 Kg3 47. d5 Kg4 48. Ke5 Re8+ 49. Kf6 Rf8+ 50.
Ke6 Rxf5 51. d6 Rf2 52. d7 Rd2 53. Ke7 a6 54. d8=Q Rxd8 55. Kxd8 b5 56. Kd7
bxa4 57. Kc6 a3 58. Kb6 a2 59. Kxa6 a1=Q+ 60. Kb6 Qc3 61. Kb5 Kf5 62. Kb6
Ke6 63. Kb7 Kd6 64. Ka6 Qb3 65. Ka7 Kc7 66. Ka8 Qa4# {White checkmated} 0-1

[Event "ICC Open 2015"]
[Site "Internet Chess Club"]
[Date "2015.05.30"]
[Round "3"]
[White "Dictator"]
[Black "GGuseinov"]
[Result "0-1"]
[ICCResult "White forfeits on time"]
[WhiteElo "2604"]
[BlackElo "3002"]
[Opening "King's Indian: Averbakh, 6...c5"]
[ECO "E74"]
[NIC "KI.25"]
[Time "19:21:22"]
[TimeControl "180+0"]

1. d4 Nf6 2. c4 g6 3. Nc3 Bg7 4. e4 d6 5. Be2 O-O 6. Bg5 c5 7. d5 a6 8. a4
Qa5 9. Qd2 b5 10. cxb5 axb5 11. Bxb5 Ba6 12. Rd1 Bxb5 13. axb5 Qb4 14. f3
Nbd7 15. Nge2 Nb6 16. Qc2 Nc4 17. b3 Na3 18. Qd2 Nxb5 19. O-O Nxc3 20. Qxc3
Qxc3 21. Nxc3 Rfb8 22. e5 dxe5 23. Ne4 Nxe4 24. fxe4 f6 25. Be3 Rxb3 26.
Bxc5 Bf8 27. d6 exd6 28. Bxd6 Bg7 29. Be7 Rb6 30. Rd7 Rba6 31. Rfd1 Ra1 32.
Bc5 Rxd1+ 33. Rxd1 Rc8 34. Ba3 Bf8 35. Bxf8 Rxf8 36. Kf2 Kg7 37. Kf3 h5 38.
Rd7+ Rf7 39. Rd6 Ra7 40. h4 Ra3+ 41. Kf2 Ra4 42. Kf3 f5 43. Rd7+ Kf6 44.
Rd6+ Kf7 45. exf5 gxf5 46. g3 Ra3+ 47. Kf2 e4 48. Rh6 Rf3+ 49. Kg2 Rd3 50.
Rxh5 Kg6 51. Rh8 Kf6 52. Rf8+ Ke5 53. h5 Rd2+ 54. Kh3 Rd6 55. Kh4 e3 56.
Re8+ Re6 57. Ra8 e2 58. Ra1 f4 59. gxf4+ Kxf4 60. Re1 Kf5 61. Kg3 Re4 62.
Kf2 Rf4+ 63. Kxe2 Re4+ 64. Kf1 Rh4 65. Re2 Kf4 66. Rf2+ Ke3 67. Re2+ Kd3 68.
Rf2 Re4 69. Rf3+ Kd4 70. Rf2 Kd5 71. Re2 Rf4+ 72. Rf2 Rg4 73. Rg2 Rh4 74.
Rf2 Ra4 75. Rd2+ Ke6 76. Re2+ Kf7 77. Rf2+ Kg7 78. Rg2+ Kh6 79. Rf2 Kh7 80.
Kg2 Ra3 81. Rf3 Ra2+ 82. Kg3 Ra1 83. Rf4 Rg1+ 84. Kf3 Rf1+ 85. Kg4 Rd1 86.
Kf5 Rg1 87. Ke4 Rg8 88. Kf5 Re8 {White forfeits on time} 0-1

[Event "ICC Open 2015"]
[Site "Internet Chess Club"]
[Date "2015.05.30"]
[Round "3"]
[White "yaguaro"]
[Black "h13"]
[Result "0-1"]
[ICCResult "White checkmated"]
[WhiteElo "1958"]
[BlackElo "2491"]
[Opening "Sicilian: Nimzovich-Rossolimo attack (with ...g6, without ...d6)"]
[ECO "B31"]
[NIC "SI.31"]
[Time "19:21:57"]
[TimeControl "180+0"]

1. e4 c5 2. Nf3 Nc6 3. Bb5 g6 4. O-O Bg7 5. Re1 Nf6 6. c3 O-O 7. d4 cxd4 8.
cxd4 d5 9. e5 Ne4 10. Nc3 Nxc3 11. bxc3 a6 12. Bf1 Na5 13. h3 b5 14. Bf4 Nc4
15. Qc1 Re8 16. Bh6 Bh8 17. Ng5 f6 18. exf6 exf6 19. Rxe8+ Qxe8 20. Nf3 Bf5
21. Qf4 Qd7 22. g4 Be4 23. Bg2 g5 24. Nxg5 Bxg2 25. Kxg2 fxg5 26. Qxg5+ Kf7
27. Qh5+ Kg8 28. Re1 Bf6 29. g5 Bg7 30. g6 Bxh6 31. gxh7+ Kxh7 32. Kh1 Rg8
33. Qh4 Rg7 34. Qh5 Nd6 35. Re5 Ne4 36. Rf5 Qe6 37. Rf4 Nxc3 38. Qf5+ Qxf5
39. Rxf5 Ne4 40. Rxd5 Nxf2+ 41. Kh2 Bf4# {White checkmated} 0-1

[Event "ICC Open 2015"]
[Site "Internet Chess Club"]
[Date "2015.05.30"]
[Round "3"]
[White "Hareaum"]
[Black "skibum1313"]
[Result "1-0"]
[ICCResult "Black forfeits on time"]
[WhiteElo "1767"]
[BlackElo "1496"]
[Opening "Queen's Pawn"]
[ECO "A41"]
[NIC "QO.17"]
[Time "19:21:58"]
[TimeControl "180+0"]

1. d4 d6 2. e3 c6 3. Nf3 Bg4 4. Be2 Nf6 5. O-O e6 6. h3 Bh5 7. c4 Be7 8. Nc3
Nbd7 9. b3 O-O 10. Qc2 Bg6 11. Bd3 Bxd3 12. Qxd3 d5 13. c5 b5 14. b4 a5 15.
bxa5 Rxa5 16. Bd2 Ra3 17. Qc2 Qa8 18. Qb2 h6 19. Bc1 Ra6 20. Nd2 e5 21. Ne2
exd4 22. exd4 Re8 23. Ng3 Bd8 24. a3 Bc7 25. Nf3 Bxg3 26. fxg3 Ne4 27. Kh2
Ra4 28. Bf4 g5 29. Bc7 Qc8 30. Be5 Nxe5 31. Nxe5 f5 32. Rae1 Qe6 33. g4 f4
34. Nf3 Rea8 35. Ra1 Ng3 36. Rfe1 Qf6 37. Ne5 Ne4 38. Qc2 Rxd4 39. Nf3 Rc4
40. Qd3 Qc3 41. Qxc3 Rxc3 42. Rec1 Rcxa3 43. Rxa3 Rxa3 44. Nd4 Ra2 45. Nxc6
Nd2 46. Ne7+ Kf7 47. Nxd5 Nf3+ 48. Kh1 Nh4 49. c6 Nxg2 50. c7 Ne3 51. c8=Q
Nxg4 52. Qxg4 {Black forfeits on time} 1-0

[Event "ICC Open 2015"]
[Site "Internet Chess Club"]
[Date "2015.05.30"]
[Round "3"]
[White "MichelRocard"]
[Black "Danya"]
[Result "0-1"]
[ICCResult "White forfeits on time"]
[WhiteElo "1972"]
[BlackElo "3020"]
[Opening "Three knights game"]
[ECO "C46"]
[NIC "KP.06"]
[Time "19:21:57"]
[TimeControl "180+0"]

1. e4 e5 2. Nf3 Nc6 3. Nc3 Bc5 4. Nxe5 Nxe5 5. d4 Bd6 6. dxe5 Bxe5 7. Bd2
Nf6 8. Bd3 O-O 9. h3 d5 10. exd5 Bxc3 11. bxc3 Re8+ 12. Be3 Nxd5 13. Qh5 g6
14. Qh6 Qf6 15. O-O Nxe3 16. fxe3 Qg7 17. Qf4 c6 18. Bc4 Be6 19. Bxe6 Rxe6
20. Rad1 Rae8 21. Rd7 R6e7 22. Rxe7 Rxe7 23. Qb8+ Qf8 24. Qxa7 Qe8 25. Rf3
h5 26. Qd4 Rd7 27. Qf4 Qe6 28. a4 Qd6 29. Qxd6 Rxd6 30. Kf1 Rd2 31. Rf2 Rd5
32. Ke2 Kf8 33. Rf4 Ke7 34. Re4+ Kd6 35. Rd4 Ke5 36. Kd3 f5 37. c4 Ra5 38.
Rd7 Rxa4 39. Rxb7 Ra3+ 40. Rb3 Ra1 41. Rb6 Rg1 42. Rxc6 Rxg2 43. Rc8 Rg3 44.
c5 f4 45. Re8+ Kd5 46. c6 Kxc6 47. Re6+ Kd5 48. Re4 g5 49. h4 f3 50. hxg5
Rg2 51. Rf4 f2 52. e4+ Ke5 53. Rf5+ Ke6 54. Ke2 h4 55. Rxf2 Rxg5 56. Rh2 Rg4
57. Kf3 Rg3+ 58. Kf4 Rg1 59. Rxh4 Rf1+ 60. Ke3 Re1+ 61. Kd4 Rd1+ 62. Ke3 Ra1
63. Kf4 Ra3 64. Rh6+ Ke7 65. Rh5 Rc3 66. Re5+ Kf6 67. Rd5 Ke6 68. Rd2 Rc4
69. Kf3 Rc3+ 70. Rd3 Rc8 71. Ke3 Rf8 72. c3 Rh8 73. Rd4 Rh4 74. Kd3 Rh3+ 75.
Kc4 Rh2 76. Rd5 Rb2 77. Rd3 Rc2 78. Kd4 Re2 79. Re3 Rd2+ 80. Rd3 Rh2 81. Re3
Rh5 82. Kd3 Rh8 83. e5 Rd8+ 84. Ke4 Rc8 85. Rd3 Rc4+ {White forfeits on
time} 0-1

[Event "ICC Open 2015"]
[Site "Internet Chess Club"]
[Date "2015.05.30"]
[Round "3"]
[White "nikenwidiartto"]
[Black "DarkThrone"]
[Result "0-1"]
[ICCResult "White checkmated"]
[WhiteElo "1858"]
[BlackElo "2445"]
[Opening "Scotch gambit: Dubois-Réti defense"]
[ECO "C55"]
[NIC "KP.02"]
[Time "19:22:14"]
[TimeControl "180+0"]

1. e4 e5 2. Nf3 Nc6 3. d4 exd4 4. Bc4 Nf6 5. e5 Ne4 6. Bd5 Nc5 7. O-O Ne6 8.
Nbd2 Bc5 9. Nb3 Bb6 10. Re1 O-O 11. a4 a6 12. a5 Ba7 13. Nfd2 d6 14. Bxc6
bxc6 15. Nc4 d5 16. Ncd2 c5 17. Nf1 c4 18. Nbd2 Rb8 19. Nb1 c6 20. f4 g6 21.
Nfd2 Rb5 22. Nf3 Rxa5 23. Rxa5 Qxa5 24. Na3 d3+ 25. Kh1 dxc2 26. Nxc2 Ng7
27. Ncd4 Bd7 28. f5 Nxf5 29. Nxf5 Bxf5 30. Bh6 Re8 31. e6 fxe6 32. Ne5 Qc5
33. Qc1 Be4 34. Qg5 Qf2 35. Rg1 Qxg1# {White checkmated} 0-1

[Event "ICC Open 2015"]
[Site "Internet Chess Club"]
[Date "2015.05.30"]
[Round "3"]
[White "harolika"]
[Black "graccus"]
[Result "1-0"]
[ICCResult "Black forfeits on time"]
[WhiteElo "1721"]
[BlackElo "1330"]
[Opening "Dutch: Staunton gambit"]
[ECO "A82"]
[NIC "HD.11"]
[Time "19:21:52"]
[TimeControl "180+0"]

1. d4 f5 2. e4 Nf6 3. e5 Nd5 4. c4 Nb6 5. a4 a5 6. Nc3 e6 7. Nge2 Bb4 8. Nf4
O-O 9. Bd3 d6 10. O-O dxe5 11. dxe5 Nc6 12. Re1 Qe7 13. Bd2 Bd7 14. Re3 Nd4
15. Rh3 Qf7 16. c5 Nd5 17. Ncxd5 exd5 18. Bc3 Bxc3 19. bxc3 Nc6 20. Rb1 Nxe5
21. Rxb7 Bc6 22. Rb1 Nxd3 23. Rxd3 Rab8 24. Rc1 g5 25. Nh3 g4 26. Nf4 Qf6
27. Rd4 Rfe8 28. Qd2 Re4 29. Re1 Rbe8 30. Re3 Rxe3 31. fxe3 Re4 32. Rxe4
fxe4 33. Qe2 Qxc3 34. Qxg4+ Kh8 35. Qc8+ {Black forfeits on time} 1-0

[Event "ICC Open 2015"]
[Site "Internet Chess Club"]
[Date "2015.05.30"]
[Round "3"]
[White "Cristhian-ator"]
[Black "aplusk"]
[Result "0-1"]
[ICCResult "White resigns"]
[WhiteElo "2541"]
[BlackElo "2941"]
[Opening "English: Bremen system, Keres variation"]
[ECO "A23"]
[NIC "EO.12"]
[Time "19:21:30"]
[TimeControl "180+0"]

1. c4 e5 2. Nc3 Nf6 3. g3 c6 4. d4 exd4 5. Qxd4 d5 6. Bg2 Be6 7. cxd5 cxd5
8. Nf3 Nc6 9. Qa4 Be7 10. O-O O-O 11. Rd1 Qb6 12. Qb5 Bc5 13. Qxb6 Bxb6 14.
Nb5 Ne4 15. Nbd4 Rac8 16. Be3 Rfe8 17. a3 h6 18. Kf1 Na5 19. Nxe6 Bxe3 20.
Nxg7 Kxg7 21. fxe3 Nc4 22. Rd3 Nxb2 23. Rxd5 Nc4 24. Rd3 Nc5 25. Rc3 Nxe3+
26. Kg1 Nxg2 27. Kxg2 Rxe2+ 28. Kh3 b6 29. Nd4 Re5 30. Rf1 Rd8 31. Nf5+ Kg6
32. Rcf3 Rd7 33. Nh4+ Kg7 34. Nf5+ Kh7 35. Ne3 Rh5+ 36. Kg2 Rd2+ 37. Kg1 f5
38. Nxf5 Rdxh2 39. Nh4 R2xh4 40. gxh4 Rxh4 41. Rf7+ Kg6 42. Rxa7 Re4 43. Kh2
Re2+ 44. Kg3 Re6 45. Rg1 Kf5 46. Kf3 Rf6 47. Rh7 Ke5+ 48. Ke3 Kd5 49. Rgg7
Kc4 50. Rc7 Re6+ 51. Kf4 Kb3 52. Rhg7 Kxa3 53. Rg3+ Kb4 54. Rf7 Re4+ 55. Kf5
Rd4 56. Rc7 Rd6 57. Rg4+ Kb5 58. Rf4 Ne6 59. Rfc4 Nxc7 60. Rxc7 Rc6 61. Rd7
Kc5 62. Ke4 b5 63. Rd5+ Kb6 64. Rh5 b4 65. Kd4 Rc3 66. Rh2 Kb5 67. Ra2 Rc6
68. Rb2 Ka4 69. Rb1 b3 70. Ra1+ Kb4 71. Kd3 b2 72. Rb1 Kb3 73. Kd2 Rd6+ 74.
Ke2 Kc2 {White resigns} 0-1

[Event "ICC Open 2015"]
[Site "Internet Chess Club"]
[Date "2015.05.30"]
[Round "3"]
[White "Osya"]
[Black "Sauerkraut"]
[Result "0-1"]
[ICCResult "White forfeits on time"]
[WhiteElo "1866"]
[BlackElo "2903"]
[Opening "English opening"]
[ECO "A10"]
[NIC "EO.64"]
[Time "19:21:46"]
[TimeControl "180+0"]

1. c4 g6 2. d4 Bg7 3. e4 Nc6 4. d5 Nd4 5. Nf3 Nxf3+ 6. Qxf3 d6 7. Bd3 Nf6 8.
Qe2 O-O 9. Nc3 Re8 10. Bg5 c6 11. Qd2 e6 12. O-O Qc7 13. Rac1 e5 14. h3 a6
15. a4 c5 16. Rfe1 Nh5 17. Bf1 Bd7 18. g3 Qa5 19. b3 Rab8 20. Ra1 h6 21. Be3
Kh7 22. g4 Nf4 23. Reb1 h5 24. f3 Bh6 25. Kf2 Qd8 26. Kg3 Bg5 27. Kh2 Rh8
28. Kg1 hxg4 29. hxg4 Kg7 30. Kf2 Rh2+ 31. Ke1 Rxd2 32. Kxd2 Qh8 33. Be2 Kf8
34. Rh1 Qf6 35. Rag1 Ke7 36. a5 b6 37. Rh7 bxa5 38. Rgh1 Rxb3 39. Rh8 Rxc3
40. Kxc3 Nxe2+ 41. Kd2 Nd4 42. Bxg5 Qxg5+ 43. Kc3 Qe3+ 44. Kb2 Qb3+
{White forfeits on time}
0-1

[Event "ICC Open 2015"]
[Site "Internet Chess Club"]
[Date "2015.05.30"]
[Round "3"]
[White "iragefree"]
[Black "ChillingGuy"]
[Result "1/2-1/2"]
[ICCResult "Black ran out of time and White has no material to mate"]
[WhiteElo "1860"]
[BlackElo "2356"]
[Opening "King's Indian: Petrosian system, Stein variation"]
[ECO "E92"]
[NIC "KI.17"]
[Time "19:21:29"]
[TimeControl "180+0"]

1. d4 Nf6 2. c4 g6 3. Nc3 Bg7 4. e4 O-O 5. Nf3 d6 6. Be2 e5 7. d5 a5 8. Bg5
h6 9. Bh4 Na6 10. Nd2 Nc5 11. f3 h5 12. O-O Bh6 13. Bf2 b6 14. b3 g5 15. a3
g4 16. Rb1 Bd7 17. b4 axb4 18. axb4 Na4 19. Nxa4 Rxa4 20. c5 Ra2 21. Nb3 Ba4
22. Bc4 b5 23. Be2 Kh7 24. Qd3 Bxb3 25. Qxb3 Rxe2 26. cxd6 cxd6 27. Ra1 Qc7
28. Bh4 Bg7 29. Rfc1 Qb6+ 30. Kh1 Qe3 31. Qxe3 Rxe3 32. Bg5 Rd3 33. fxg4
Nxe4 34. h4 hxg4 35. Kg1 Rxd5 36. Rc7 Kg6 37. Raa7 Nxg5 38. hxg5 e4 39. Re7
Bd4+ 40. Kh2 Bxa7 41. Rxa7 Rxg5 42. Re7 d5 43. Rd7 Kf5 44. Rxd5+ Kf4 45. Rd4
Ke3 46. Rd7 Kf2 47. Rd2+ Ke1 48. Ra2 f5 49. Kg3 f4+ 50. Kh4 Rfg8 51. g3 f3
52. Ra1+ Kd2 53. Ra2+ Kc3 54. Ra3+ Kc4 55. Re3 R5g7 56. Rxe4+ Kd3 57. Rf4 f2
58. Rxf2 Ke3 59. Rf4 Rc7 60. Rf5 Rc4 61. Re5+ Kd3 62. Kh5 Kc3 63. Kh6 Kxb4
64. Kh7 Rgc8 65. Rg5 R8c7+ 66. Kh6 R4c6+ 67. Kh5 Rc5 68. Kh4 Rxg5 69. Kxg5
Rc5+ 70. Kxg4 Rc4+ 71. Kh3 Rc3 72. Kh4 Rxg3 73. Kxg3 Kc3 74. Kg4 b4 75. Kf5
b3 76. Ke6 b2 77. Kf5 b1=Q+ 78. Ke6 Qd3 79. Ke5 Kc4 80. Kf6 Kc5 81. Kf7 Qd5+
82. Kf8 {Black ran out of time and White has no material to mate} 1/2-1/2

[Event "ICC Open 2015"]
[Site "Internet Chess Club"]
[Date "2015.05.30"]
[Round "3"]
[White "ROWLAND"]
[Black "Peter-Patzer"]
[Result "0-1"]
[ICCResult "White forfeits on time"]
[WhiteElo "1693"]
[BlackElo "2106"]
[Opening "Sicilian, Chekhover variation"]
[ECO "B53"]
[NIC "SI.02"]
[Time "19:22:17"]
[TimeControl "180+0"]

1. e4 c5 2. Nf3 d6 3. d4 cxd4 4. Qxd4 a6 5. c4 Nc6 6. Qd2 g6 7. b3 Bg7 8.
Bb2 Nf6 9. Nc3 O-O 10. h3 e6 11. Be2 Qe7 12. O-O Rd8 13. Rad1 b6 14. Qg5 Bb7
15. Rd2 Rd7 16. Rfd1 Rad8 17. Qf4 Na7 18. e5 dxe5 19. Rxd7 Nxd7 20. Qe3 Nc6
21. Na4 Nc5 22. Rxd8+ Nxd8 23. Nxb6 e4 24. Bxg7 Kxg7 25. Qd4+ f6 26. Nd2 Nc6
27. Qe3 Ne5 28. f3 exf3 29. Nxf3 Bxf3 30. Bxf3 Qd6 31. Na4 Nxa4 32. bxa4
Nxc4 33. Qa7+ Kh6 {White forfeits on time} 0-1